[Event "Titled Tuesday Blitz December 20 Late 2022"]
[White "ArchibaldCerveza29"]
[Black "Yuan, Qingyu"]
[BlackFideId "8609772"]
[WhiteElo "2443"]
[BlackElo "2359"]
[Result "0-1"]
[Round "04"]
[TimeControl "180+1"]
[Date "2022.12.21"]
[WhiteClock "0:00:10"]
[BlackClock "0:00:26"]

1. d4 Nf6 2. c4 e6 3. Nc3 Bb4 4. f3 c5 5. a3 Bxc3+ 6. bxc3 Nc6 7. e4 d6 8. Ne2 e5 9. Be3 b6 10. h4 h5 11. Rb1 Na5 12. Ng3 Ng8 13. f4 Nf6 14. dxc5 dxc5 15. Qxd8+ Kxd8 16. fxe5 Ng4 17. Bf4 Nc6 18. Nf5 g6 19. Nd6 Ngxe5 20. Rd1 Ke7 21. Be2 Be6 22. Rf1 f6 23. Nb5 Rac8 24. Bxe5 fxe5 25. Rd2 a6 26. Nd6 Rcd8 27. Nb7 Rxd2 28. Kxd2 Rb8 29. Nxc5 bxc5 30. Kc2 Na5 31. g4 hxg4 32. Rh1 Nxc4 33. h5 gxh5 34. Rxh5 Rb2+ 35. Kd1 Ne3+ 36. Ke1 g3 37. Rh7+ Kf6 38. Rh6+ Ke7 39. Rh7+ Kd6 40. Rg7 g2 41. Rg6 a5 42. a4 Rb1+ 43. Kf2 g1=Q+ 44. Rxg1 Rxg1 45. Kxg1 Bb3 46. Bb5 Nc4 47. Kf2 Nb6 48. Ke3 c4 49. Kd2 Kc5 50. Ba6 Bxa4 51. Bb7 Bc6 52. Ba6 Bxe4 53. Kc1 Bc6 54. Kb2 Nd5 55. Ka3 Ne3 56. Kb2 Ba4 57. Ka3 Bb3 58. Kb2 Nd1+ 59. Ka3 Nxc3 60. Bc8 Nd5 61. Be6 Nb4 62. Bf5 Kd4 63. Be6 e4 64. Bf5 e3 65. Bg4 Kd3 66. Kb2 e2 67. Bxe2+ Kxe2 68. Ka3 Bc2 69. Kb2 Kd3 70. Ka3 Bd1 71. Kb2 c3+ 72. Kc1 Bb3 73. Kb1 a4 74. Kc1 a3 75. Kb1 a2+ 76. Ka1 Nc2# 0-1


[Site "https://www.chess.com"]

[Event "Titled Tuesday Blitz December 20 Late 2022"]
[White "Ardila, Oscar Humberto"]
[Black "TheKnightOfBosnia"]
[WhiteFideId "4404742"]
[WhiteElo "1961"]
[BlackElo "2446"]
[Result "1-0"]
[Round "04"]
[TimeControl "180+1"]
[Date "2022.12.21"]
[WhiteClock "0:00:15"]
[BlackClock "0:00:03"]

1. d4 Nf6 2. c4 e6 3. Nc3 d5 4. Nf3 Nbd7 5. Bg5 Be7 6. e3 O-O 7. Qc2 h6 8. Bh4 b6 9. cxd5 exd5 10. Bd3 Bb7 11. O-O Ne4 12. Bxe7 Qxe7 13. Bxe4 dxe4 14. Nd2 f5 15. Qb3+ Kh8 16. Nd5 Qd6 17. Nf4 g5 18. Nc4 Qf6 19. Nh5 Qg6 20. Ng3 f4 21. Ne2 f3 22. Ng3 h5 23. Ne5 Nxe5 24. dxe5 h4 25. Nh1 fxg2 26. Kxg2 Qf5 27. Qd1 Qf3+ 28. Qxf3 exf3+ 29. Kg1 Rad8 30. Rac1 c5 31. b4 Ba6 32. Rfd1 Rxd1+ 33. Rxd1 cxb4 34. Rd7 Rc8 35. h3 Bf1 36. Kh2 Bg2 37. e6 Rc1 38. Ng3 hxg3+ 39. Kxg3 Kg8 40. Kg4 Rc8 41. Kxg5 Bxh3 42. Re7 Kf8 43. Kf6 Rc5 44. Rf7+ Ke8 45. Rh7 Rf5+ 46. Kg6 Bg4 47. Rh4 Re5 48. Rxg4 Rxe6+ 49. Kf5 Rc6 50. Rxb4 Rc2 51. a4 Rxf2 52. Ke4 Kd7 53. Kf4 Kc6 54. Rd4 a6 55. Kg3 Rf1 56. e4 b5 57. axb5+ axb5 58. e5 Re1 59. Rd6+ Kc5 60. Re6 1-0


[Site "https://www.chess.com"]

[Event "Titled Tuesday Blitz December 20 Late 2022"]
[White "Arnold, Ken"]
[Black "Winterberg, Lukas"]
[WhiteFideId "2056836"]
[BlackFideId "24622702"]
[WhiteElo "2348"]
[BlackElo "2350"]
[Result "1-0"]
[Round "04"]
[TimeControl "180+1"]
[Date "2022.12.21"]
[WhiteClock "0:00:19"]
[BlackClock "0:00:01"]

1. d4 f5 2. Nf3 Nf6 3. g3 g6 4. Bg2 Bg7 5. O-O O-O 6. Nbd2 d6 7. b3 c5 8. Bb2 cxd4 9. Nxd4 a6 10. c4 Qc7 11. e4 fxe4 12. Nxe4 Nc6 13. Ng5 Nxd4 14. Qxd4 Nh5 15. Qd5+ e6 16. Nxe6 Qf7 17. Bxg7 Nxg7 18. Nxf8 Kxf8 19. Qxd6+ Kg8 20. Bd5 Be6 21. Rfe1 Bxd5 22. Qxd5 Nf5 23. Qxf7+ Kxf7 24. Rad1 b5 25. c5 b4 26. Re4 a5 27. c6 Rc8 28. Rc4 Ke7 29. Rd7+ Ke6 30. Rxh7 Nd6 31. Rc2 Nb5 32. Rh6 Kf6 33. Rc5 Nc3 34. h4 Kg7 35. Rxg6+ Kxg6 36. Kg2 Nxa2 37. Rxa5 Nc1 38. Rb5 Nd3 39. Rd5 Nc1 40. Rd4 Rxc6 41. Rxb4 Rc2 42. Rb6+ Kf5 43. Rb8 Nd3 44. Rf8+ Kg6 45. g4 Rb2 46. Kg3 Rxb3 47. f3 Ne5 48. h5+ Kg7 49. Rf5 Nc4 50. g5 Ne3 51. Re5 Nc4 52. Re7+ Kf8 53. Re4 Nd6 54. Rf4+ Kg7 55. Kg4 Rb1 56. h6+ Kh7 57. Rf6 Rg1+ 58. Kf4 Rd1 59. Rf8 Kg6 60. Rf6+ Kh7 61. Re6 Nc4 62. Re7+ Kg8 63. Rg7+ Kh8 64. g6 Rd4+ 65. Kg3 Ne3 66. Rf7 Rd8 67. g7+ Kh7 68. Rf8 Nf5+ 69. Rxf5 Rd1 70. Rf8 1-0


[Site "https://www.chess.com"]

[Event "Titled Tuesday Blitz December 20 Late 2022"]
[White "Bach, Matthias"]
[Black "Baches Garcia, Guillermo"]
[WhiteFideId "4603168"]
[BlackFideId "2209764"]
[WhiteElo "2165"]
[BlackElo "2481"]
[Result "0-1"]
[Round "04"]
[TimeControl "180+1"]
[Date "2022.12.21"]
[WhiteClock "0:00:26"]
[BlackClock "0:01:03"]

1. d4 Nf6 2. c4 e6 3. Nc3 d5 4. Nf3 c5 5. cxd5 Nxd5 6. e4 Nxc3 7. bxc3 cxd4 8. cxd4 Bb4+ 9. Bd2 Bxd2+ 10. Qxd2 O-O 11. Bc4 Nd7 12. O-O b6 13. Rfe1 Bb7 14. Rad1 Rc8 15. Bb3 Re8 16. Qf4 Qc7 17. Qh4 h6 18. h3 Nf6 19. Ne5 b5 20. Qf4 a5 21. a3 a4 22. Ba2 Re7 23. g4 Qd6 24. h4 Nd7 25. g5 hxg5 26. Qxg5 f6 27. Qh5 fxe5 28. dxe5 Qxe5 29. Qg6 Nf6 0-1


[Site "https://www.chess.com"]

[Event "Titled Tuesday Blitz December 20 Late 2022"]
[White "Bas Mas, Jose Joaquin"]
[Black "Arbunic Castro, Giovanna"]
[WhiteFideId "22219064"]
[BlackFideId "3400549"]
[WhiteElo "2233"]
[BlackElo "1963"]
[Result "1-0"]
[Round "04"]
[TimeControl "180+1"]
[Date "2022.12.21"]
[WhiteClock "0:00:10"]
[BlackClock "0:00:03"]

1. e4 g6 2. d4 Bg7 3. Nc3 c5 4. dxc5 Qa5 5. Bd2 Qxc5 6. Nf3 a6 7. Bd3 d6 8. O-O Nf6 9. h3 O-O 10. Qe2 b5 11. a4 b4 12. Na2 a5 13. c3 Nc6 14. cxb4 Nxb4 15. Rac1 Qb6 16. Nxb4 axb4 17. b3 Bb7 18. Rc4 d5 19. Rxb4 Qa7 20. Be3 Qa5 21. Rb5 Qc7 22. Rc1 Qd7 23. e5 Ne4 24. Bd4 Ba6 25. Rb4 Bxd3 26. Qxd3 Rab8 27. Rxb8 Rxb8 28. Rb1 e6 29. Qa6 Bf8 30. a5 Bb4 31. Bb6 Qc6 32. Qd3 Nc5 33. Qd4 1-0


[Site "https://www.chess.com"]

[Event "Titled Tuesday Blitz December 20 Late 2022"]
[White "Bellissimo, Joseph F."]
[Black "Bjelobrk, Igor"]
[WhiteFideId "2609843"]
[BlackFideId "4300726"]
[WhiteElo "2103"]
[BlackElo "2335"]
[Result "0-1"]
[Round "04"]
[TimeControl "180+1"]
[Date "2022.12.21"]
[WhiteClock "0:00:12"]
[BlackClock "0:00:37"]

1. e4 e5 2. Nf3 Nc6 3. Bc4 Bc5 4. c3 Nf6 5. d3 d6 6. Bb3 h6 7. h3 a5 8. Nbd2 O-O 9. O-O Be6 10. Bc2 d5 11. Qe2 Re8 12. Re1 d4 13. Nf1 b5 14. Ng3 a4 15. Nf5 Bf8 16. N3h4 a3 17. Qf3 axb2 18. Bxb2 Rxa2 19. Rxa2 Bxa2 20. Ra1 Be6 21. Ra6 dxc3 22. Bxc3 Nd4 23. Bxd4 exd4 24. Qg3 Kh8 25. Rc6 Qa8 26. Rxc7 b4 27. Nxd4 Qa1+ 28. Kh2 Qxd4 29. Nf3 Qb6 30. Ba4 Bd6 31. e5 Bxc7 32. Bxe8 Nxe8 33. d4 b3 34. Nd2 b2 35. Qd3 Ba2 36. Nb1 Bxb1 37. Qxb1 Qxd4 38. g3 Bxe5 39. h4 Qxf2+ 40. Kh1 Bxg3 41. Qg1 Qf3+ 42. Qg2 b1=Q# 0-1


[Site "https://www.chess.com"]

[Event "Titled Tuesday Blitz December 20 Late 2022"]
[White "Biernacki, Mark"]
[Black "Ivanov, Mike"]
[WhiteFideId "2082322"]
[BlackFideId "2613158"]
[WhiteElo "1970"]
[BlackElo "2237"]
[Result "0-1"]
[Round "04"]
[TimeControl "180+1"]
[Date "2022.12.21"]
[WhiteClock "0:00:38"]
[BlackClock "0:00:16"]

1. c4 e5 2. Nc3 d6 3. Nf3 f5 4. d3 Nf6 5. g3 Be7 6. Bg2 O-O 7. O-O Qe8 8. Nd5 Bd8 9. Nxf6+ Bxf6 10. Rb1 Qh5 11. b4 Nc6 12. b5 Nd8 13. a4 f4 14. Ba3 Bh3 15. c5 Bxg2 16. Kxg2 Nf7 17. cxd6 cxd6 18. Qb3 Kh8 19. Qd5 g5 20. h3 g4 21. hxg4 Qxg4 22. Rbc1 fxg3 23. fxg3 Rg8 24. Rf2 Qxg3+ 25. Kf1 Raf8 26. e3 Ng5 27. Ke2 Nh3 28. Rh2 Be7 29. Rch1 Rxf3 30. Qxf3 Ng1+ 31. Rxg1 Qxh2+ 32. Qf2 Qxg1 33. Bxd6 Qxf2+ 34. Kxf2 Bxd6 35. Kf3 Rd8 36. Ke4 Bc7 37. d4 exd4 38. exd4 Bb6 39. d5 Bc7 40. Kf5 Rxd5+ 41. Ke6 Rc5 42. Ke7 Rc4 43. b6 Bxb6 44. a5 Bxa5 45. Kd6 Rc6+ 0-1


[Site "https://www.chess.com"]

[Event "Titled Tuesday Blitz December 20 Late 2022"]
[White "Bilan, Danila"]
[Black "Boros, Denes"]
[WhiteFideId "24161918"]
[BlackFideId "722340"]
[WhiteElo "2182"]
[BlackElo "2464"]
[Result "0-1"]
[Round "04"]
[TimeControl "180+1"]
[Date "2022.12.20"]
[WhiteClock "0:00:08"]
[BlackClock "0:01:42"]

1. d4 b6 2. Nf3 Bb7 3. g3 Nf6 4. Bg2 g6 5. c4 Bg7 6. Nc3 Ne4 7. Qc2 Nxc3 8. Qxc3 c5 9. Be3 Nc6 10. O-O Rc8 11. Qd2 cxd4 12. Nxd4 O-O 13. Rac1 d6 14. b3 Qd7 15. Rfd1 Rfe8 16. Nxc6 Bxc6 17. Bxc6 Rxc6 18. Bd4 Bf8 19. Bb2 Rc5 20. Qd4 f6 21. b4 Rh5 22. h4 Qe6 23. e3 Rc8 24. a3 Re5 25. Qd3 Rh5 26. Qd4 Kf7 27. Rd3 g5 28. hxg5 Rxg5 29. Qh4 Bg7 30. Rd4 h6 31. Rf4 Kg6 32. Kh2 Rh5 33. Rg4+ Qxg4 0-1


[Site "https://www.chess.com"]

[Event "Titled Tuesday Blitz December 20 Late 2022"]
[White "Blanco Acevedo, Cristobal Jose"]
[Black "Clawitter, Craig"]
[WhiteFideId "3900525"]
[BlackFideId "2023105"]
[WhiteElo "2273"]
[BlackElo "2225"]
[Result "1-0"]
[Round "04"]
[TimeControl "180+1"]
[Date "2022.12.21"]
[WhiteClock "0:00:11"]
[BlackClock "0:00:08"]

1. e4 e6 2. d4 d5 3. Nc3 Bb4 4. Ne2 dxe4 5. a3 Be7 6. Nxe4 Nf6 7. N2g3 O-O 8. c3 Nc6 9. Bb5 e5 10. Bxc6 bxc6 11. dxe5 Qxd1+ 12. Kxd1 Nxe4 13. Nxe4 Bf5 14. Re1 Rad8+ 15. Kc2 Rfe8 16. Bf4 g5 17. Bg3 h5 18. f3 h4 19. Bf2 a5 20. Rad1 Rd5 21. Kc1 Rxe5 22. Bd4 Re6 23. Nf2 g4 24. f4 Bd6 25. Rxe6 Bxf4+ 26. Be3 Bxe3+ 27. Rxe3 Rxe3 28. Kd2 Re6 29. Re1 Rxe1 30. Kxe1 Kg7 31. Kd2 Kf6 32. Ke3 Ke5 33. g3 hxg3 34. hxg3 Be6 35. Ne4 f5 36. Nc5 Bd5 37. a4 Bc4 38. Nb7 Bd5 39. Nxa5 c5 40. c4 Ba8 41. Nb3 Bc6 42. Nxc5 Kd6 43. b4 Bd7 44. Kf4 Bc8 45. a5 c6 46. Nd3 c5 47. b5 Bb7 48. Ne5 Be4 49. a6 Kc7 50. Nxg4 fxg4 51. Kxe4 Kb6 52. Kd5 1-0


[Site "https://www.chess.com"]

[Event "Titled Tuesday Blitz December 20 Late 2022"]
[White "Boruchovsky, Avital"]
[Black "Bluebaum, Matthias"]
[WhiteFideId "2800055"]
[BlackFideId "24651516"]
[WhiteElo "2450"]
[BlackElo "2634"]
[Result "0-1"]
[Round "04"]
[TimeControl "180+1"]
[Date "2022.12.20"]
[WhiteClock "0:00:02"]
[BlackClock "0:00:29"]

1. Nf3 d5 2. d4 e6 3. g3 Nf6 4. Bg2 Bd6 5. O-O O-O 6. c4 Nc6 7. Qc2 dxc4 8. Nbd2 b5 9. a4 Nb4 10. Qb1 c6 11. axb5 cxb5 12. Ng5 Rb8 13. Rxa7 Qb6 14. Nde4 Nxe4 15. Qxe4 f5 16. Qh4 h6 17. Rxg7+ Kxg7 18. Nh7 Kg8 19. Qxh6 Qc7 20. Nxf8 Bxf8 21. Bf4 Bxh6 22. Bxc7 Rb7 23. Bxb7 Bxb7 24. Ra1 Na6 25. Be5 Bd2 26. e3 b4 27. Kf1 c3 28. bxc3 bxc3 29. Ke2 Bc6 30. Kd1 Nb4 31. Ra7 Bf3# 0-1


[Site "https://www.chess.com"]

[Event "Titled Tuesday Blitz December 20 Late 2022"]
[White "Broca Jimenez, Fernando"]
[Black "Peatman, Carter"]
[WhiteFideId "5104742"]
[BlackFideId "2096480"]
[WhiteElo "2062"]
[BlackElo "2430"]
[Result "0-1"]
[Round "04"]
[TimeControl "180+1"]
[Date "2022.12.21"]
[WhiteClock "0:00:07"]
[BlackClock "0:00:16"]

1. e4 e5 2. Nf3 Nf6 3. Nxe5 d6 4. Nf3 Nxe4 5. d4 d5 6. Bd3 Nd6 7. O-O Be7 8. c3 Bf5 9. Bf4 Bxd3 10. Qxd3 O-O 11. Nbd2 c6 12. Rfe1 Re8 13. Re2 Nd7 14. Rae1 Nf6 15. Bg5 Nde4 16. Bxf6 Nxf6 17. Ne5 Bd6 18. Nf1 a5 19. Ng3 Nd7 20. Nf5 Bxe5 21. dxe5 Qc7 22. f4 Nc5 23. Qg3 g6 24. Nd6 Re7 25. f5 a4 26. f6 Rd7 27. Qf4 Ne6 28. Qh6 Qd8 29. Re3 Qf8 30. Qh4 h6 31. Rg3 Kh7 32. Qg4 a3 33. b3 c5 34. Rd1 d4 35. cxd4 cxd4 36. Qe4 Rb8 37. h4 h5 38. Rgd3 Nc5 39. Qd5 Nxd3 40. Rxd3 Rbd8 41. Rxd4 b6 42. g4 hxg4 43. Rxg4 Qh6 44. Qg2 Qc1+ 45. Kh2 Qb2 46. h5 Qxg2+ 47. Rxg2 Rxd6 48. exd6 Rxd6 49. hxg6+ fxg6 50. f7 Kg7 51. Rf2 Rd8 52. Rf4 Kf8 53. Ra4 Rd2+ 54. Kg3 Rxa2 55. Ra6 Kxf7 56. Rxb6 Rb2 57. Ra6 a2 58. b4 Kg7 59. b5 Kh6 60. b6 Rb3+ 61. Kg2 Rb2+ 62. Kg3 Kg5 63. b7 a1=Q 64. Ra2 Qxa2 65. b8=Q Rxb8 0-1


[Site "https://www.chess.com"]

[Event "Titled Tuesday Blitz December 20 Late 2022"]
[White "Brodowski, Piotr"]
[Black "Caruana, Fabiano"]
[WhiteFideId "1124480"]
[BlackFideId "2020009"]
[WhiteElo "2351"]
[BlackElo "2847"]
[Result "0-1"]
[Round "04"]
[TimeControl "180+1"]
[Date "2022.12.20"]
[WhiteClock "0:01:04"]
[BlackClock "0:01:37"]

1. c4 e6 2. Nf3 d5 3. b3 Nf6 4. e3 b6 5. Qc2 Bb7 6. Be2 Bd6 7. Bb2 O-O 8. g4 c5 9. g5 Nfd7 10. Rg1 Nc6 11. a3 d4 12. exd4 cxd4 13. d3 e5 14. Nbd2 a5 15. Ne4 Nc5 16. Ng3 Re8 17. O-O-O a4 18. Nd2 axb3 19. Nxb3 Na4 20. Nf5 Nxb2 21. Nxd6 Nxd1 22. Nxb7 Qe7 23. Bxd1 Rxa3 24. Bf3 Nb4 25. Qb1 Na2+ 26. Kc2 Nc3 27. Kd2 Nxb1+ 0-1


[Site "https://www.chess.com"]

[Event "Titled Tuesday Blitz December 20 Late 2022"]
[White "Bryant, Todd"]
[Black "Ronka, Erik"]
[WhiteFideId "2031299"]
[BlackFideId "505080"]
[WhiteElo "2353"]
[BlackElo "2264"]
[Result "0-1"]
[Round "04"]
[TimeControl "180+1"]
[Date "2022.12.21"]
[WhiteClock "0:00:10"]
[BlackClock "0:00:10"]

1. e4 g6 2. d4 Bg7 3. Nc3 c6 4. Be3 d5 5. e5 f6 6. f4 Nh6 7. Qd2 Ng4 8. O-O-O Nxe3 9. Qxe3 O-O 10. h4 fxe5 11. fxe5 Bg4 12. Be2 Bxe2 13. Ncxe2 e6 14. Nf3 Nd7 15. h5 Qe7 16. hxg6 hxg6 17. Ng5 Rf5 18. Nh3 c5 19. c3 Rc8 20. Kb1 cxd4 21. cxd4 Nb6 22. g4 Nc4 23. Qc1 Na3+ 24. bxa3 Rxc1+ 25. Rxc1 Rf8 26. Nhf4 Qe8 27. g5 Rf5 28. Rh3 Rxg5 29. Rch1 Rf5 30. Ka1 g5 31. Nh5 Qb5 32. Nc3 Qc4 33. Nxg7 Kxg7 34. Rh7+ Kf8 35. R7h3 Rf7 36. Rd1 g4 37. Rhd3 b5 38. Kb2 a5 39. Rg3 b4 40. axb4 axb4 41. Nb1 Rf2+ 42. Rd2 Rxd2+ 43. Nxd2 Qxd4+ 44. Kc1 Qa1+ 45. Kc2 Qxa2+ 46. Kd3 Qa3+ 0-1


[Site "https://www.chess.com"]

[Event "Titled Tuesday Blitz December 20 Late 2022"]
[White "Burke, Paul"]
[Black "Pappelis, Dimitrios"]
[WhiteFideId "2605767"]
[BlackFideId "4215281"]
[WhiteElo "1782"]
[BlackElo "2104"]
[Result "0-1"]
[Round "04"]
[TimeControl "180+1"]
[Date "2022.12.21"]
[WhiteClock "0:02:28"]
[BlackClock "0:02:30"]

1. e4 c5 2. d4 cxd4 3. c3 Nf6 4. e5 Nd5 5. Nf3 Nc6 6. Bd3 dxc3 7. bxc3 g6 8. O-O Nb6 9. Qe2 Bg7 10. Re1 O-O 11. Na3 d6 12. exd6 Qxd6 13. h3 Bxc3 14. Bb2 Bxb2 15. Qxb2 Be6 0-1


[Site "https://www.chess.com"]

[Event "Titled Tuesday Blitz December 20 Late 2022"]
[White "Carlsen, Magnus"]
[Black "Makarian, Rudik"]
[WhiteFideId "1503014"]
[BlackFideId "44105681"]
[WhiteElo "2830"]
[BlackElo "2440"]
[Result "1-0"]
[Round "04"]
[TimeControl "180+1"]
[Date "2022.12.20"]
[WhiteClock "0:01:54"]
[BlackClock "0:00:24"]

1. Nf3 Nf6 2. g3 b5 3. Bg2 Bb7 4. Na3 a6 5. c4 b4 6. Nc2 e6 7. O-O Be7 8. d4 O-O 9. a3 a5 10. axb4 axb4 11. Rxa8 Bxa8 12. Bd2 Na6 13. Qa1 Bb7 14. Ne5 Qa8 15. Bxb7 Qxb7 16. Qa4 c6 17. Ra1 Ra8 18. Qb3 d6 19. Nd3 c5 20. dxc5 dxc5 21. Be3 Nd7 22. Nce1 Nc7 23. Rxa8+ Qxa8 24. Qd1 Qc6 25. Nf3 Bf6 26. b3 h6 27. Bf4 Ne8 28. h4 Qe4 29. Nxb4 Qb7 30. Nd3 h5 31. Be3 Qc6 32. Qd2 Nd6 33. Qa5 Ne4 34. Qa4 Qc7 35. Qa8+ 1-0


[Site "https://www.chess.com"]

[Event "Titled Tuesday Blitz December 20 Late 2022"]
[White "ChessBrah"]
[Black "Renjith, Sravan"]
[BlackFideId "4306783"]
[WhiteElo "2888"]
[BlackElo "2072"]
[Result "1-0"]
[Round "04"]
[TimeControl "180+1"]
[Date "2022.12.21"]
[WhiteClock "0:00:34"]
[BlackClock "0:00:03"]

1. e4 e5 2. Nf3 Nf6 3. Nxe5 d6 4. Nf3 Nxe4 5. Nc3 Nxc3 6. dxc3 Be7 7. Be3 O-O 8. Qd2 Nc6 9. O-O-O Be6 10. Kb1 Bf6 11. Ng5 Bf5 12. h4 Ne5 13. f3 h6 14. Be2 Re8 15. g4 Bg6 16. f4 Qe7 17. h5 hxg5 18. fxg5 Be4 19. gxf6 Qxf6 20. Rhf1 Qe6 21. Rf4 Nc4 22. Bxc4 Qxc4 23. Rdf1 Re7 24. h6 Qd5 25. Qh2 gxh6 26. Bd4 Bh7 27. Qxh6 f5 28. gxf5 Qg2 29. b3 Rae8 30. Qf6 Re1+ 31. Kb2 Rxf1 32. Qh8+ Kf7 33. Qxh7+ Kf8 34. Rxf1 Re7 35. Qh8+ Kf7 36. Rh1 1-0


[Site "https://www.chess.com"]

[Event "Titled Tuesday Blitz December 20 Late 2022"]
[White "Colpe, Malte"]
[Black "Rian, Kapriaga"]
[WhiteFideId "24623075"]
[BlackFideId "7103263"]
[WhiteElo "2328"]
[BlackElo "2327"]
[Result "0-1"]
[Round "04"]
[TimeControl "180+1"]
[Date "2022.12.21"]
[WhiteClock "0:00:09"]
[BlackClock "0:00:24"]

1. e4 c6 2. Nc3 d5 3. Nf3 Bg4 4. h3 Bxf3 5. Qxf3 Nf6 6. d3 e6 7. g3 Nbd7 8. Bg2 Bb4 9. O-O O-O 10. Ne2 a5 11. c3 Be7 12. g4 a4 13. Qg3 Nc5 14. e5 Nfd7 15. d4 Na6 16. f4 c5 17. Be3 cxd4 18. Nxd4 Nac5 19. f5 Bg5 20. Rae1 Bh4 21. Qh2 Bxe1 22. Rxe1 Qc7 23. Nb5 Qa5 24. Nd6 Nd3 25. Re2 N3xe5 26. Bd4 Nc6 27. Bf2 e5 28. Nxb7 Qa6 29. Nc5 Nxc5 30. Bxd5 Qxe2 0-1


[Site "https://www.chess.com"]

[Event "Titled Tuesday Blitz December 20 Late 2022"]
[White "Crevatin, Leo"]
[Black "Skibbe, Willi"]
[WhiteFideId "1726307"]
[BlackFideId "4682190"]
[WhiteElo "2190"]
[BlackElo "2355"]
[Result "1-0"]
[Round "04"]
[TimeControl "180+1"]
[Date "2022.12.21"]
[WhiteClock "0:01:01"]
[BlackClock "0:00:01"]

1. d4 d5 2. Bf4 c5 3. e3 cxd4 4. exd4 Nc6 5. c3 Bf5 6. Qb3 Qd7 7. Nf3 e6 8. Be2 f6 9. Nh4 Bxb1 10. Rxb1 g5 11. Bh5+ Kd8 12. Bg3 gxh4 13. Bxh4 Be7 14. O-O f5 15. Bg3 Nf6 16. Bf3 Ne4 17. Bxe4 fxe4 18. f3 exf3 19. Rxf3 Rf8 20. Rxf8+ Bxf8 21. Rf1 Be7 22. Rf7 h5 23. Rh7 Kc8 24. Qb5 a6 25. Rh8+ Bd8 26. Qe2 b5 27. Qxh5 Kb7 28. h4 Be7 29. Rxa8 Kxa8 30. Qg6 Bd8 31. h5 Ne7 32. Qf7 Qc8 33. h6 Nf5 34. h7 Bg5 35. Qg8 1-0


[Site "https://www.chess.com"]

[Event "Titled Tuesday Blitz December 20 Late 2022"]
[White "Cruz Mendez, Jean Marco"]
[Black "Wieczorek, Oskar"]
[WhiteFideId "3526402"]
[BlackFideId "1133950"]
[WhiteElo "2064"]
[BlackElo "2415"]
[Result "1-0"]
[Round "04"]
[TimeControl "180+1"]
[Date "2022.12.21"]
[WhiteClock "0:00:32"]
[BlackClock "0:00:01"]

1. e4 c5 2. Nf3 e6 3. d4 cxd4 4. Nxd4 Nf6 5. Nc3 d6 6. Bg5 h6 7. Be3 a6 8. f4 b5 9. a3 Bb7 10. Bd3 Nbd7 11. Qe2 Rc8 12. O-O Rxc3 13. bxc3 Nxe4 14. Bd2 Ndc5 15. f5 e5 16. Ne6 fxe6 17. fxe6 Qh4 18. Rf7 Be7 19. Raf1 Nxd2 20. Bg6 Kd8 21. Qxd2 Qg5 22. Qxg5 hxg5 23. Bf5 Bd5 24. Rxg7 Nxe6 25. Bxe6 Bxe6 26. Ra1 d5 27. a4 b4 28. cxb4 e4 29. Rb1 Kd7 30. b5 a5 31. b6 Rb8 32. b7 Kd6 33. Rb6+ Kd7 34. Kf2 d4 35. Ke2 1-0


[Site "https://www.chess.com"]

[Event "Titled Tuesday Blitz December 20 Late 2022"]
[White "Curtis, John"]
[Black "Forgacs, Attila Jr."]
[WhiteFideId "3200256"]
[BlackFideId "773654"]
[WhiteElo "2203"]
[BlackElo "2168"]
[Result "0-1"]
[Round "04"]
[TimeControl "180+1"]
[Date "2022.12.21"]
[WhiteClock "0:00:01"]
[BlackClock "0:00:18"]

1. e4 e5 2. Nf3 Nc6 3. Bc4 Nf6 4. d3 h6 5. c3 d6 6. b4 g5 7. Nbd2 Bg7 8. Qb3 O-O 9. Nf1 Ne7 10. Ne3 c6 11. Qc2 d5 12. Bb3 Ng6 13. O-O Re8 14. Re1 g4 15. Nd2 Nf4 16. c4 d4 17. Nf5 Bxf5 18. exf5 Qd7 19. Ne4 Qxf5 20. Bxf4 Nxe4 21. Rxe4 exf4 22. Rae1 Rxe4 23. Rxe4 f3 24. c5 fxg2 25. Qe2 Rf8 26. Qxg4 Qxg4 27. Rxg4 Re8 28. Rf4 Re7 29. Kxg2 Be5 30. Rf5 Kg7 31. Bxf7 Bxh2 32. Bh5 Be5 33. Bf3 Bf6 34. Be4 Re8 35. Kf3 a5 36. b5 Rc8 37. bxc6 bxc6 38. Rf4 a4 0-1


[Site "https://www.chess.com"]

[Event "Titled Tuesday Blitz December 20 Late 2022"]
[White "Delorme, Alban"]
[Black "Ansh M Shah"]
[WhiteFideId "623636"]
[BlackFideId "25033379"]
[WhiteElo "2196"]
[BlackElo "2084"]
[Result "0-1"]
[Round "04"]
[TimeControl "180+1"]
[Date "2022.12.21"]
[WhiteClock "0:00:18"]
[BlackClock "0:00:20"]

1. e4 c6 2. d4 d5 3. exd5 cxd5 4. Nf3 Nc6 5. Bb5 Nf6 6. Bxc6+ bxc6 7. O-O e6 8. Ne5 c5 9. c3 Bb7 10. Qa4+ Nd7 11. Bg5 f6 12. Bh4 g5 13. Nxd7 Qxd7 14. Qxd7+ Kxd7 15. Bg3 f5 16. Be5 Rg8 17. Nd2 g4 18. g3 Ba6 19. Rfe1 h5 20. Nb3 cxd4 21. cxd4 Rc8 22. Rac1 Bc4 23. Nd2 Bb4 24. Bf4 a5 25. a3 Bd6 26. Bxd6 Kxd6 27. Rc3 a4 28. Rec1 Ba6 29. Rxc8 Rxc8 30. Rxc8 Bxc8 31. Nb1 e5 32. dxe5+ Kxe5 33. Kf1 d4 34. Ke2 Ba6+ 35. Ke1 Ke4 36. Nd2+ Kd3 37. Kd1 Bb7 38. Nb1 Bf3+ 39. Ke1 Kc2 40. Nd2 d3 41. Nc4 Bd5 42. Ne5 d2+ 43. Ke2 d1=Q+ 44. Ke3 Qe1+ 45. Kf4 Qe4+ 46. Kg5 Qxe5 47. Kxh5 Qe4 48. Kg5 Qf3 49. Kh5 Qxf2 50. Kg5 Qxh2 51. Kg6 Bf7+ 52. Kg5 Qxg3 53. Kf6 Qb3 54. Kg7 Bc4 55. Kf8 Bd3 56. Kg7 Kxb2 57. Kf8 Kxa3 58. Kg7 Bb1 59. Kf8 Kb2 60. Kg7 Qb6 61. Kf8 a3 62. Kg7 Qc6 63. Kf8 a2 64. Kg7 Qb6 65. Kf8 Qc7 66. Kg8 a1=Q 67. Kf8 Qa8# 0-1


[Site "https://www.chess.com"]

[Event "Titled Tuesday Blitz December 20 Late 2022"]
[White "Delorme, Axel"]
[Black "Kleiman, Jake"]
[WhiteFideId "632023"]
[BlackFideId "2020041"]
[WhiteElo "2478"]
[BlackElo "2642"]
[Result "0-1"]
[Round "04"]
[TimeControl "180+1"]
[Date "2022.12.21"]
[WhiteClock "0:00:29"]
[BlackClock "0:01:44"]

1. e4 e5 2. Nf3 Nc6 3. Bb5 a6 4. Ba4 Nf6 5. O-O b5 6. Bb3 Bc5 7. c3 d6 8. a4 Rb8 9. d4 Bb6 10. a5 Ba7 11. h3 h6 12. Be3 Ra8 13. Nbd2 O-O 14. Re1 Re8 15. Qc2 Bb7 16. dxe5 Bxe3 17. Rxe3 Nxe5 18. Rae1 c5 19. Nxe5 dxe5 20. Rd3 Qxa5 21. Bd5 c4 22. Rde3 Nxd5 23. exd5 Bxd5 24. Rxe5 Rxe5 25. Rxe5 Rd8 26. Kh2 Qc7 27. f4 f6 28. Re3 Qxf4+ 29. Rg3 Bf7 30. Ne4 Rd3 31. Qf2 Qxe4 32. Qxf6 Rxg3 33. Qd8+ Qe8 0-1


[Site "https://www.chess.com"]

[Event "Titled Tuesday Blitz December 20 Late 2022"]
[White "Denishev, Marat"]
[Black "Rengifo Blancas, Renzo Jhonathan"]
[WhiteFideId "24131563"]
[BlackFideId "3807185"]
[WhiteElo "2194"]
[BlackElo "2058"]
[Result "1-0"]
[Round "04"]
[TimeControl "180+1"]
[Date "2022.12.21"]
[WhiteClock "0:01:20"]
[BlackClock "0:00:01"]

1. e4 e5 2. Nf3 Nc6 3. Bb5 Nd4 4. Nxd4 exd4 5. O-O Bc5 6. c3 Ne7 7. Qh5 Bb6 8. d3 O-O 9. Bg5 h6 10. Bh4 g5 11. Bg3 d5 12. Qxh6 Ng6 13. exd5 Qf6 14. Nd2 dxc3 15. Ne4 Qg7 16. Qxg7+ Kxg7 17. bxc3 a6 18. Ba4 Bf5 19. Rfe1 Rad8 20. Bb3 f6 21. Rad1 Rfe8 22. Kf1 Ne7 23. d6 Bxe4 24. Rxe4 cxd6 25. Rde1 Rd7 26. Ba4 d5 27. Re6 1-0


[Site "https://www.chess.com"]